 Dungeon Crawl Stone Soup version 0.30.0-5-g1a98f26d00 (webtiles) character file.

Game seed: 9908237233319014022

190 growler the Insei (level 5, -2/37 HPs)
             Began as a Merfolk Transmuter on May 8, 2023.
             Slain by an orc wizard
             ... wielding a +0 club
              (4 damage)
             ... on level 6 of the Dungeon.
             The game lasted 00:06:51 (2306 turns).

growler the Insei (Merfolk Transmuter)              Turns: 2306, Time: 00:06:51

Health: -2/37      AC:  3    Str: 10    XL:     5   Next: 69%
Magic:  1/9        EV: 12    Int: 15    God:
Gold:   51         SH:  0    Dex: 14    Spells: 4/10 levels left

rFire   . .          .
                       - Unarmed
rCold   . . .        (no shield)
rNeg    . . .        a - +0 robe
rPois   .            (no helmet)
rElec   .            (no cloak)
rCorr   .            l - +0 pair of gloves
SInv    .            (no boots)
Will    .....        (no amulet)
Stlth   +            (no ring)
HPRegen 0.26/turn    (no ring)
MPRegen 0.11/turn

%: no passive effects
@: wereblooded, very slightly contaminated
A: (nimble swimmer 2), mertail
a: no special abilities


You were on level 6 of the Dungeon.
You visited 1 branch of the dungeon, and saw 4 of its levels.

You collected 51 gold pieces.

Inventory:

Armour
 a - a +0 robe (worn)
 l - a +0 pair of gloves (worn)
Jewellery
 g - a ring of wizardry
 n - a ring of ice
Scrolls
 d - a scroll of magic mapping {unknown}
 f - a scroll of summoning {unknown}
 k - a scroll of teleportation
 m - a scroll of vulnerability
 o - a scroll of identify
 p - a scroll of torment {unknown}
Potions
 e - 3 potions of curing {unknown}
 h - a potion of flight
 i - a potion of degeneration {unknown}
 j - a potion of heal wounds {unknown}


   Skills:
 - Level 1.1 Fighting
 - Level 2.6 Dodging
 + Level 5.7 Unarmed Combat
 - Level 3.0 Spellcasting
 - Level 4.0 Transmutations


You had 4 spell levels left.
You knew the following spells:

 Your Spells              Type           Power      Damage    Failure   Level
a - Beastly Appendage     Tmut           28%        N/A       3%          1
b - Wereblood             Tmut           14%        N/A       6%          2
c - Spider Form           Tmut/Pois      8%         N/A       26%         3

Your spell library contained the following spells:

 Spells                   Type           Power      Damage    Failure   Level
 Cigotuvi's Dreadful Rot  Necr/Pois/Air  4%         N/A       30%         2
 Ignite Poison            Fire/Tmut/Pois 6%         N/A       34%         3
 Ice Form                 Ice/Tmut       8%         N/A       65%         4
 Freezing Cloud           Conj/Ice/Air   1%         6-21      99%         5


Dungeon Overview and Level Annotations

Branches:
Dungeon (3/15)

Altars:

Annotations:
D:6 firemarshallily's ghost, amateur NaBr


Innate Abilities, Weirdness & Mutations

((You are very nimble when in or above water. (Stealth+, EV+, Speed+++)))
Your lower body shifts to a powerful aquatic tail in water.


Message History

Confirm with . or Enter, or press ? or * to list all spells.
The spell is quite dangerous to miscast (26% risk of failure)!
Continue anyway?
You miscast Spider Form.
Nothing appears to happen.
Casting: Spider Form (quite dangerous; 26% risk of failure)
Confirm with . or Enter, or press ? or * to list all spells.
You miscast Beastly Appendage.
Nothing appears to happen.
An orc comes into view. It is wielding a +0 trident.
You barely miss the orc. The orc misses you.
You closely miss the orc. You hit the orc.
The orc is severely wounded.
Something hits you. The orc hits you with a +0 short sword.
You hit the orc.
You feel a bit better.
You kill the orc!
You hear some strange, mumbled words.
A magic dart appears from out of thin air!
The magic dart hits you!
You closely miss something. The orc misses you. Something hits you.
You closely miss something.
The orc hits you from afar with a +0 trident!
* * * LOW HITPOINT WARNING * * *
Something hits you.
* * * LOW HITPOINT WARNING * * *
You hit something. The orc misses you. Something hits you.
* * * LOW HITPOINT WARNING * * *
You punch something!
The orc hits you from afar with a +0 trident.
* * * LOW HITPOINT WARNING * * *
Something hits you.
* * * LOW HITPOINT WARNING * * *
You barely miss something. The orc barely misses you.
Something barely misses you.
You closely miss something. The orc hits you but does no damage.
You hear some strange, mumbled words.
Something tries to affect you, but you resist.
The orc barely misses you.
Things that are here:
a +0 short sword; a +0 leather armour; an orc corpse The orc misses you.
Something hits you.
You die...

...........#
...........#
..........g#
...........#
########
##########.#
#......# #.#
#.)....# #.#
#......#
###'#####))....##
#......o@)......#
#.....###.......#
#.....###.......#
#............##.#
#.....######.# .#
#...... .# f
#......# .#
####+#.# .# .# .#


You could see an orc.

Vanquished Creatures
  A gnoll bouda (D:6)
  A sleepcap (D:6)
  4 gnolls (D:6)
  5 adders
  A worm (D:3)
  A dart slug (D:3)
  An orc (D:6)
  3 endoplasms
  6 giant cockroaches
  3 goblins
  6 hobgoblins
  3 kobolds
  2 quokkas
  2 ball pythons (D:1)
  3 bats (D:1)
  2 frilled lizards (D:3)
  4 rats
48 creatures vanquished.

Notes
Turn   | Place    | Note
-------+----------+-------------------------------------------
     0 | D:1      | growler the Merfolk Transmuter began the quest for the Orb.
     0 | D:1      | Reached XP level 1. HP: 15/15 MP: 3/3
   192 | D:1      | Found a faded altar of an unknown god.
   299 | D:1      | Reached XP level 2. HP: 13/21 MP: 3/5
   302 | D:1      | Learned a level 2 spell: Wereblood
  1186 | D:2      | Reached XP level 3. HP: 26/26 MP: 4/6
  1190 | D:2      | Learned a level 3 spell: Spider Form
  1716 | D:3      | Reached skill level 4 in Unarmed Combat
  1724 | D:3      | Reached XP level 4. HP: 27/32 MP: 5/8
  2069 | D:3      | You fall into a shaft and drop 3 floors!
  2120 | D:6      | Noticed firemarshallily's ghost (amateur NaBr)
  2166 | D:6      | Reached XP level 5. HP: 30/37 MP: 4/9
  2168 | D:6      | Reached skill level 5 in Unarmed Combat
  2302 | D:6      | HP: 1/37 [something (5)]
  2306 | D:6      | Slain by an orc wizard

Illustrated notes

Levels and vault maps discovered:
D:1:      doesnt_arrival_eight_statues, layout_loops_corners,
          shapermc_ecumenical_altar_notcrosses, serial_forest,
          infiniplex_forest_lined_2, infiniplex_forest_zigzag_2,
          infiniplex_forest_clump_curved, infiniplex_forest_lined_2,
          infiniplex_forest_straight_2, infiniplex_forest_straight_2,
          infiniplex_forest_lined_ring
D:2:      layout_rooms
D:3:      layout_basic, st_stairs_1
D:6:      layout_basic, serial_shops, nicolae_shop_tiny_glass,
          hellmonk_ghost_happy_afterlife, nrook_pool_corridor

Skill      XL: |  1  2  3  4  5 |
---------------+----------------+-----
Transmutations | 3 4 |  4.0
Unarmed Combat | 4 5 |  5.7
Spellcasting   | 3 |  3.0
Fighting       | |  1.1
Dodging        | |  2.6

Action                     |  1- 3 |  4- 6 || total
---------------------------+-------+-------++-------
  Melee: Unarmed           |   118 |    64 ||   182
         Headbutt          |    16 |     5 ||    21
         Punch             |     1 |     2 ||     3
  Throw: Javelin           |       |     4 ||     4
   Cast: Beastly Appendage |    24 |     7 ||    31
         Wereblood         |     2 |     1 ||     3
         Spider Form       |       |     1 ||     1
    Use: Scroll            |     4 |       ||     4
         Potion            |       |     2 ||     2
 Armour: Robe              |    29 |     5 ||    34
         Skin              |       |    30 ||    30
  Dodge: Dodged            |    58 |    40 ||    98
